 Dungeon Crawl Stone Soup version 0.31-a0-986-g5e6e4ef867 (webtiles) character file.

Game seed: 9076270120203546676

162 Lobster4 the Shooter (level 5, 0/45 HPs)
             Began as a Minotaur Hunter on Nov 16, 2023.
             Slain by an ogre
             ... wielding a +0 giant spiked club
              (19 damage)
             ... on level 4 of the Dungeon.
             The game lasted 00:07:55 (3031 turns).

Lobster4 the Shooter (Minotaur Hunter)              Turns: 3031, Time: 00:07:56

Health: 0/45       AC:  3    Str: 20    XL:     5   Next: 19%
Magic:  4/4        EV: 12    Int: 12    God:
Gold:   102        SH:  0    Dex: 14    Spells: 4/4 levels left

rFire   . . .        b - +9 dagger of Sunlight {heavy, Str+5 Int+6 Dex-2}
rCold   . . .        (no shield)
rNeg    . . .        c - +0 leather armour
rPois   .            (helmet restricted)
rElec   .            (no cloak)
rCorr   .            (no gloves)
SInv    .            (no boots)
Will    .....        (no amulet)
Stlth   +            (no ring)
HPRegen 0.27/turn    (no ring)
MPRegen 0.09/turn

%: no passive effects
@: mighty
A: horns 2, retaliatory headbutt
a: no special abilities


You were on level 4 of the Dungeon.
You visited 1 branch of the dungeon, and saw 4 of its levels.

You collected 102 gold pieces.

Inventory:

Hand Weapons
 a - a +1 shortbow
 b - the +9 dagger of Sunlight (weapon) {heavy, Str+5 Int+6 Dex-2}
   (You found it on level 2 of the Dungeon)

   Str+5:     It affects your strength (+5).
   Int+6:     It affects your intelligence (+6).
   Dex-2:     It affects your dexterity (-2).
 f - a +0 short sword
 m - a +0 sling
 n - a +2 vampiric dagger
 o - a +2 whip of venom
Missiles
 h - 6 boomerangs
Armour
 c - a +0 leather armour (worn)
 e - a +0 scale mail
Magical Staves
 d - a staff of cold
Scrolls
 g - a scroll of noise {unknown}
 k - a scroll of butterflies
 p - a scroll of teleportation
Potions
 j - a potion of curing
 q - a potion of might


   Skills:
 + Level 3.4 Fighting
 + Level 1.8 Short Blades
 * Level 5.5 Ranged Weapons
 + Level 2.1 Armour
 - Level 3.0 Dodging
 - Level 1.0 Stealth


You had 4 spell levels left.
You didn't know any spells.
Your spell library contained the following spells:

 Spells                   Type           Power      Damage    Failure   Level
 Summon Guardian Golem    Hex/Summ       0%         N/A       75%         3
 Volatile Blastmotes      Fire/Tloc      0%         2d10      75%         3
 Fulminant Prism          Conj/Hex       0%         3d5       98%         4
 Iskenderun's Mystic Bla  Conj/Tloc      0%         2d3       98%         4
 Orb of Destruction       Conj           0%         9d5       100%        7
 Spellforged Servitor     Conj/Summ      0%         N/A       100%        7


Dungeon Overview and Level Annotations

Branches:
Dungeon (4/15)
 Temple: D:4-7

Altars:
Sif Muna

Annotations:
D:3 Sigmund
D:4 Menkaure, Pikel


Innate Abilities, Weirdness & Mutations

You have a pair of horns on your head.
You reflexively headbutt those who attack you in melee.


Message History

There is a stone staircase leading down here.
The lemure completely misses you. You furiously retaliate!
You headbutt the lemure. The lemure attacks as it pursues you!
The lemure closely misses you. The lemure attacks as it pursues you!
The lemure hits you. The lemure attacks as it pursues you! The lemure hits you.
There is a stone staircase leading down here.
You climb downwards.
Level annotation: Menkaure, Pikel The ogre shouts!
There is a stone staircase leading up here.
Okay, then.
Okay, then.
Unknown command.
Fire: a) +1 shortbow
Press: ? - help, Q - select action, (/) - cycle Shift-Dir - straight line, f - white imp
Aim: a white imp (wandering, hasn't noticed you, 64% to hit)
You shoot an arrow. The arrow closely misses the white imp.
The white imp shouts!
Fire: a) +1 shortbow
Press: ? - help, Q - select action, (/) - cycle Shift-Dir - straight line, f/p - white imp
Aim: a white imp (64% to hit)
You shoot an arrow. The arrow hits the white imp.
The white imp is moderately wounded.
You feel stronger.
You feel clever.
You feel clumsy.
b - the +9 dagger of Sunlight (weapon)
{heavy, Str+5 Int+6 Dex-2} The white imp completely misses you.
You feel very mighty all of a sudden.
The ogre hits you with a +0 giant spiked club!
The white imp gestures at you. The puff of frost hits you.
You puncture the ogre!
The ogre is heavily wounded.
The white imp closely misses you. The ogre misses you.
You puncture the ogre!
The ogre is severely wounded.
The white imp hits you but does no damage.
The ogre hits you with a +0 giant spiked club!!
You die...

##...PPPPPPP.........
#....PPPPPPP........#
#....................
#....................
#...........##......5
#.>.?....... #.......
##..........
#...O..[....
#...@5..>.[.
#...........
#...........
#...........
##..........
##.....##.# #######
..


You could see an ogre and a white imp.

Vanquished Creatures
  An orc priest (D:3)
  An orc wizard (D:3)
  Robin (D:2)
  An adder (D:3)
  A shadow imp (D:3)
  A worm (D:4)
  8 orcs
  3 endoplasms
  3 giant cockroaches
  10 goblins
  10 hobgoblins
  5 quokkas
  5 ball pythons
  4 bats
  2 frilled lizards
  5 kobolds
  6 rats
67 creatures vanquished.

Notes
Turn   | Place    | Note
-------+----------+-------------------------------------------
     0 | D:1      | Lobster4 the Minotaur Hunter began the quest for the Orb.
     0 | D:1      | Reached XP level 1. HP: 18/18 MP: 0/0
   253 | D:1      | Reached XP level 2. HP: 25/25 MP: 1/1
   259 | D:1      | Reached skill level 1 in Stealth
   939 | D:1      | Reached skill level 1 in Armour
  1021 | D:2      | Identified the +9 dagger of Sunlight {heavy, Str+5 Int+6
                  | Dex-2}
  1096 | D:2      | Reached XP level 3. HP: 29/30 MP: 2/2
  1096 | D:2      | Noticed Robin
  1514 | D:2      | Killed Robin
  1515 | D:2      | Reached skill level 5 in Ranged Weapons
  2083 | D:3      | Reached XP level 4. HP: 38/38 MP: 3/3
  2216 | D:3      | Found a shimmering blue altar of Sif Muna.
  2270 | D:3      | Reached skill level 1 in Short Blades
  2572 | D:3      | Noticed Sigmund
  2700 | D:4      | Noticed an ogre
  2710 | D:4      | Noticed Menkaure
  2808 | D:3      | Reached XP level 5. HP: 42/45 MP: 4/4
  3003 | D:4      | Noticed Pikel
  3003 | D:4      | Noticed a lemure
  3003 | D:4      | Noticed a lemure
  3003 | D:4      | Noticed a lemure
  3003 | D:4      | Noticed a lemure
  3031 | D:4      | Slain by an ogre

Illustrated notes

Levels and vault maps discovered:
D:1:      arrival_zaba_pyramid, layout_basic, minmay_indecisive_spiral
D:2:      layout_basic, uniq_robin
D:3:      layout_basic, mainiacjoe_overflow_catwalk, serial_glass,
          glass_columns_b, glass_columns_a, glass_columns_a, glass_columns_a,
          glass_columns_b, glass_columns_c, uniq_sigmund
D:4:      layout_rooms, mainiacjoe_overflow_chevrons,
          minmay_temple_entry_poolview, uniq_menkaure, uniq_pikel

Skill      XL: |  1  2  3  4 |
---------------+-------------+-----
Stealth        | 1 |  1.0
Armour         | 1 2 |  2.1
Fighting       | 3 |  3.4
Ranged Weapons | 5 |  5.5
Short Blades   | 1 |  1.8
Dodging        | 3 |  3.0

Action                     |  1- 3 |  4- 6 || total
---------------------------+-------+-------++-------
  Melee: Dagger            |       |     2 ||     2
   Fire: Shortbow          |   106 |    93 ||   199
    Use: Scroll            |       |     6 ||     6
         Potion            |       |     2 ||     2
 Armour: Leather armour    |    16 |    21 ||    37
  Dodge: Dodged            |    23 |    16 ||    39

Table legend: (Time is in decaauts)
 A = Elapsed time spent in this place.
 B = Non-inter-level travel time spent in this place.
 C = Inter-level travel time spent in this place.
 D = Time resting spent in this place.
 E = Time spent auto-exploring this place.
 F = Levels seen in this place.
 G = Mean time per level.
                   A        B        C        D        E       F      G
               +--------+--------+--------+--------+--------+-----+--------+
         Total |   3068 |   2782 |    286 |    217 |   1994 |   4 |  767.0 |
       Dungeon |   3068 |   2782 |    286 |    217 |   1994 |   4 |  767.0 |
               +--------+--------+--------+--------+--------+-----+--------+

Top non-repeatable levels by time:
     D:1: 1074 daAuts
     D:2: 1047 daAuts
     D:3: 849 daAuts
     D:4: 96 daAuts
